Map: Backwater LE

Players

Hillbilly

  • Race: Terran Terran
  • League: Silver
  • Spawn Location: 5:00

Infamous - Winner!

  • Race: Protoss Protoss
  • League: Silver
  • Spawn Location: 11:00

VOD

Have the link to the VOD?

Description

Time

  • Played on: April 4, 2018, 3:02 p.m.
  • Length: 17:50
Show
View Real Time Build Order
Export as new Build Order

Hillbilly Terran 

Build Orders:  

Get SALT Encoding   

  12  0:03  SCV  
  13  0:15  SCV  
  14  0:27  SCV  
  14  0:28  Supply Depot  
  15  0:49  SCV  
  16  0:52  Supply Depot  
  16  1:01  SCV  
  17  1:13  SCV  
  17  1:14  Refinery  
  17  1:15  Supply Depot  
  17  1:16  Refinery  
  18  1:25  SCV  
  19  1:38  Supply Depot  
  19  1:43  SCV  
  20  1:55  SCV  
  21  2:08  SCV  
  22  2:20  SCV  
  22  2:21  Barracks  
  23  2:23  Barracks  
  23  2:32  SCV  
  24  2:44  SCV  
  25  3:09  Barracks  
  25  3:11  Barracks  
  25  3:12  Barracks  
  25  3:13  Barracks  
  25  3:14  Engineering Bay  
  25  3:19  Factory  
  25  3:20  Marine x2  
  27  3:28  SCV  
  28  3:36  Supply Depot  
  28  3:38  Marine x2  
  28  3:40  SCV  
  31  3:52  SCV  
  32  4:04  Barracks Tech Lab x2  
  32  4:05  Barracks Reactor x2  
  32  4:16  Barracks Reactor  
  32  4:17  Orbital Command  
  32  4:22  Terran Infantry Weapons Level 1  
  32  4:24  Factory Tech Lab  
  32  4:41  Refinery  
  32  4:42  Refinery  
  32  4:48  Siege Tank  
  35  5:04  Barracks Reactor  
  35  5:15  Missile Turret  
  35  5:20  Siege Tank  
  38  5:39  Missile Turret  
  38  5:41  Command Center  
  38  5:46  Marine x5  
  38  5:47  Marine  
  38  5:48  Marine  
  45  6:04  Marine x6  
  51  6:17  Missile Turret  
  51  6:22  SCV  
  52  6:30  Marine x3  
  55  6:40  Supply Depot  
  55  6:42  Marine  
  55  6:45  SCV  
  52  6:57  SCV  
  53  7:10  Command Center  
  53  7:15  Siege Tank  
  55  7:25  Starport  
  55  7:43  Combat Shields  
  55  7:47  Missile Turret  
  55  8:01  Siege Tank  
  55  8:04  Medivac  
  60  8:11  Marine x2  
  62  8:34  Medivac  
  64  8:35  Starport  
  64  9:02  Stimpack  
  53  9:54  SCV  
  54  10:06  SCV  
  53  10:17  Supply Depot  
  53  10:18  SCV  
  43  10:33  Marine x5  
  43  10:34  Marine x3  
  47  10:41  Planetary Fortress  
  46  10:51  Marine x6  
  46  10:52  Marine x2  
  46  10:54  Siege Tank  
  57  11:01  Starport Tech Lab x2  
  57  11:09  Marine  
  58  11:15  Marine x3  
  58  11:16  Marine  
  62  11:23  Cloaking Field  
  62  11:35  Refinery  
  62  11:39  Missile Turret, SCV  
  63  11:51  SCV  
  63  11:54  SCV  
  65  11:58  Refinery  
  65  12:01  Missile Turret  
  65  12:06  SCV  
  66  12:15  Banshee x2  
  69  12:18  SCV  
  69  12:19  Terran Infantry Armor Level 1  
  73  12:25  Starport  
  73  12:29  Marine  
  74  12:30  Marine x2, SCV  
  74  12:31  Marine  
  74  12:36  SCV  
  79  12:42  SCV  
  79  12:48  SCV  
  80  12:55  Marine  
  80  12:56  Marine x7  
  80  12:57  Marine x2  
  80  12:58  Banshee  
  93  13:00  SCV  
  94  13:11  Starport Tech Lab  
  94  13:22  Marine x2  
  96  13:27  Supply Depot  
  96  13:36  Supply Depot  
  96  13:39  Concussive Shells  
  89  13:50  Supply Depot  
  66  14:09  Marine x3  
  60  14:10  Marine x4  
  65  14:27  Marine x4  
  65  14:28  Marine x2  
  68  15:03  Banshee x2  
  68  15:04  Banshee  
  77  15:58  Medivac  
  77  15:59  Medivac  
  71  17:36  Armory  
Show
View Real Time Build Order
Export as new Build Order

Infamous Protoss - Winner!

Build Orders: Colossus Rush 

Get SALT Encoding   

  12  0:01  Probe  
  13  0:13  Pylon  
  14  0:21  Probe  
  14  0:34  Gateway  
  14  0:35  Probe  
  15  0:47  Probe  
  16  0:51  Assimilator  
  16  1:00  Probe  
  17  1:17  Probe  
  18  1:33  Probe  
  18  1:36  Cybernetics Core  
  18  1:38  Gateway  
  19  1:45  Probe  
  20  1:48  Zealot (Chrono Boost)  
  20  1:53  Assimilator  
  22  1:57  Probe  
  23  2:06  Pylon  
  23  2:10  Pylon  
  23  2:24  Probe  
  23  2:25  Warp Gate  
  23  2:27  Stalker (Chrono Boost), Adept (Chrono Boost)  
  28  2:37  Probe  
  29  2:49  Probe  
  29  2:51  Robotics Facility  
  30  2:54  Stalker (Chrono Boost)  
  32  3:02  Probe  
  33  3:19  Stalker (Chrono Boost)  
  33  3:20  Probe  
  36  3:37  Pylon  
  36  3:54  Nexus  
  36  3:55  Probe  
  37  4:01  Observer  
  38  4:13  Gateway  
  38  4:19  Gateway  
  38  4:22  Gateway  
  38  4:26  Probe  
  39  4:38  Immortal  
  43  4:46  Gateway  
  43  4:47  Sentry x2  
  47  5:05  Pylon, Probe (Chrono Boost)  
  49  5:12  Probe (Chrono Boost)  
  49  5:17  Probe (Chrono Boost)  
  49  5:19  Sentry  
  49  5:20  Stalker  
  49  5:21  Probe (Chrono Boost)  
  55  5:32  Zealot x2  
  55  5:35  Probe x2  
  61  5:37  Colossus  
  61  5:50  Zealot x3  
  66  5:57  Probe x2  
  66  6:03  Robotics Bay  
  68  6:09  Probe  
  69  6:15  Assimilator  
  69  6:18  Assimilator  
  69  6:40  Pylon  
  69  6:43  Probe  
  70  6:55  Pylon  
  70  6:58  Probe  
  70  7:00  Pylon  
  59  7:08  Colossus (Chrono Boost)  
  63  7:18  Stalker  
  63  7:19  Stalker x4  
  73  7:27  Robotics Facility  
  73  7:32  Probe x2  
  73  7:35  Stalker  
  77  7:42  Extended Thermal Lance (Chrono Boost)  
  77  7:47  Forge  
  77  7:53  Colossus (Chrono Boost)  
  77  7:54  Probe x2, Colossus x2 (Chrono Boost)  
  79  8:01  Gateway  
  79  8:03  Shield Battery  
  79  8:04  Zealot x5  
  89  8:12  Probe x2  
  91  8:31  Sentry  
  93  8:37  Pylon  
  93  8:49  Protoss Ground Weapons Level 1 (Chrono Boost)  
  77  9:09  Stalker x3  
  61  9:10  Immortal (Chrono Boost), Stalker x4  
  73  9:19  Probe x2  
  62  9:43  Immortal (Chrono Boost)  
  60  9:47  Stalker x4  
  60  9:48  Stalker, Zealot x2  
  74  9:56  Probe  
  75  10:04  Forge  
  75  10:14  Sentry x3  
  75  10:15  Sentry x2  
  73  10:31  Zealot x2  
  75  10:39  Protoss Shields Level 1 (Chrono Boost)  
  75  10:42  Colossus (Chrono Boost)  
  75  10:44  Twilight Council  
  75  10:47  Protoss Ground Armor Level 1 (Chrono Boost)  
  82  10:50  Probe x2  
  83  11:03  Pylon, Probe x2  
  85  11:21  Pylon  
  85  11:25  Pylon  
  85  11:27  Immortal (Chrono Boost)  
  89  11:42  Charge (Chrono Boost)  
  89  11:47  Robotics Facility  
  89  11:53  Zealot x2  
  89  11:54  Sentry, Stalker  
  95  11:55  Stalker x2  
  95  11:58  Colossus  
  107  12:12  Probe x2  
  109  12:26  Templar Archives  
  109  12:28  Gateway  
  109  12:37  Nexus  
  109  12:39  Pylon  
  109  12:57  Colossus (Chrono Boost)  
  115  13:00  Stalker  
  117  13:10  Pylon  
  117  13:12  Pylon  
  117  13:14  Pylon  
  117  13:15  Pylon, Photon Cannon  
  117  13:17  Pylon  
  117  13:25  Colossus (Chrono Boost)  
  117  13:33  Zealot  
  125  13:34  High Templar  
  121  13:52  High Templar  
  121  13:54  Zealot x5  
  127  14:10  Protoss Ground Weapons Level 2 (Chrono Boost)  
  127  14:18  Probe x2  
  127  14:19  Probe  
  128  14:34  Observer x2  
  126  14:48  Stalker x3  
  126  14:50  Zealot x2  
  126  14:51  Zealot x2  
  132  15:15  Probe x3  
  132  15:19  Assimilator  
  135  15:22  Assimilator  
  135  15:25  Photon Cannon  
  135  15:27  Probe  
  136  15:29  Photon Cannon  
  136  15:31  Zealot x2  
  136  15:32  Sentry x2  
  136  15:33  Photon Cannon  
  136  15:35  High Templar  
  146  15:48  Observer  
  140  15:59  Photon Cannon  
  140  16:00  Photon Cannon  
  140  16:02  Photon Cannon  
  134  16:29  Stargate  
  133  16:50  Colossus (Chrono Boost)  
  139  17:12  Stalker x2  
  139  17:13  Stalker x4  
  151  17:24  Photon Cannon  
  151  17:27  Pylon  
  151  17:28  Pylon  
  151  17:38  Nexus  
  151  17:40  Pylon  
  151  17:42  Pylon  
  145  17:45  Pylon  
Tags
 
Add a new tag
Caveats
  • Supply blocks, unpowered buildings, or Contaminate may cause inaccurate times.
  • Supply counts are checked every 10 seconds.